 Dungeon Crawl Stone Soup version 0.24-a0-525-g9231cdc (webtiles) character file.

Game seed: 9547898480865281823

156 Alphaeus the Ducker (level 5, -8/28 HPs)
             Began as a Spriggan Berserker on Aug 4, 2019.
             Was a Believer of Trog.
             Killed by divine providence
             ... invoked by an orc priest
              (12 damage)
             ... on level 3 of the Dungeon.
             The game lasted 00:03:58 (2729 turns).

Alphaeus the Ducker (Spriggan Berserker)            Turns: 2729, Time: 00:04:00

Health: -8/28      AC:  3    Str: 14    XL:     5   Next: 14%
Magic:  6/6        EV: 20    Int:  9    God:    Trog [**....]
Gold:   126        SH:  0    Dex: 15    Spells: 4/4 levels left

rFire    . . .     SeeInvis +   f - +2 dagger (speed)
rCold    . . .     Gourm    .   (shield restricted)
rNeg     . . .     Faith    .   b - +0 animal skin
rPois    .         Spirit   .   i - +1 hat
rElec    .         Reflect  .   (no cloak)
rCorr    .         Harm     .   (gloves unavailable)
MR       .....                  (boots unavailable)
Stlth    +++.......             (no amulet)
HPRegen  0.09/turn              (no ring)
MPRegen  0.10/turn              (no ring)

@: very quick
A: very small, unfitting armour, see invisible, herbivore, speed 3, slow
metabolism 2
a: Berserk, Trog's Hand, Renounce Religion


You were on level 3 of the Dungeon.
You worshipped Trog.
Trog was pleased with you.
You were not hungry.

You visited 1 branch of the dungeon, and saw 3 of its levels.

You collected 126 gold pieces.

Inventory:

Hand Weapons
 a - a +0 short sword
 d - a +0 dagger of holy wrath
 f - a +2 dagger of speed (weapon)
 g - a +1 dagger of draining
 k - a +1 dagger of draining
Armour
 b - a +0 animal skin (worn)
 i - a +1 hat (worn)
Jewellery
 h - an uncursed ring of protection from cold {unknown}
 r - a +4 ring of dexterity {unknown}
Scrolls
 e - a scroll of fog {unknown}
 j - 2 scrolls of identify {unknown}
 l - a scroll of teleportation {unknown}
 n - a scroll of noise {unknown}
 p - a scroll of amnesia {unknown}
 s - a scroll of magic mapping {unknown}
 t - a scroll of blinking {unknown}
Potions
 m - a potion of ambrosia {unknown}
 o - a potion of degeneration {unknown}
 q - 2 potions of curing {unknown}
Comestibles
 c - 3 rations


   Skills:
 + Level 3.0 Fighting
 * Level 4.5 Short Blades
 + Level 5.2 Dodging
 * Level 4.5 Stealth


You had 4 spell levels left.
You didn't know any spells.
Your spell library was empty.

Dungeon Overview and Level Annotations

Branches:
Dungeon (3/15)

Altars:
Okawaru


Innate Abilities, Weirdness & Mutations

You are very small and have problems with some larger weapons.
You are too small for most types of armour.
You have supernaturally acute eyesight. (SInv)
You are a herbivore.
You cover ground extremely quickly.
You need to consume almost no food.


Message History

There is a stone staircase leading down here.
Things that are here:
a +0 club x2
You are too injured to fight recklessly!
You are too injured to fight recklessly!
You are too injured to fight recklessly!
You are too injured to fight recklessly!
You are too injured to fight recklessly!
You are too injured to fight recklessly!
You are too injured to fight recklessly!
You are too injured to fight recklessly!
You are too injured to fight recklessly!
You are too injured to fight recklessly!
You are too injured to fight recklessly!
You are too injured to fight recklessly!
The orc priest looks encouraged for a moment.
t - a scroll labeled LEXE POPSYBB The orc priest mumbles some strange prayers to Beogh against you.
Beogh smites you!
You die...

#...#######....## #
##........<......# #
.........####....# #
#.........#....# #
#.......#.#....##### #
.....####.(....)....[# #
............##.#####.######
# #####.....##'#####.......
##.##@##......########
....#.##..)...#
###..#.##..†...#
...#.##......#
###.#.##......#
###...#o....#####
#...o.>)##### #.......#
#.?.....#


You could see an orc priest.

Vanquished Creatures
  An orc priest (D:3)
  Jessica (D:2)
  Robin (D:2)
  An adder (D:3)
  An ooze (D:1)
  A worm (D:3)
  A dart slug (D:1)
  A leopard gecko (D:1)
  5 orcs
  A ball python (D:1)
  2 giant cockroaches (D:1)
  16 goblins
  9 hobgoblins
  4 jackals (D:1)
  A quokka (D:3)
  6 bats
  2 frilled lizards
  8 rats
62 creatures vanquished.

Notes
Turn   | Place    | Note
-------+----------+-------------------------------------------
     0 | D:1      | Alphaeus the Spriggan Berserker began the quest for the
                  | Orb.
     0 | D:1      | Reached XP level 1. HP: 11/11 MP: 2/2
    72 | D:1      | Reached skill level 1 in Stealth
   248 | D:1      | Reached XP level 2. HP: 7/16 MP: 3/3
  1089 | D:1      | Reached XP level 3. HP: 19/19 MP: 4/4
  1534 | D:2      | Found a faded altar of an unknown god.
  1621 | D:2      | Noticed Robin
  1627 | D:2      | Noticed Jessica
  1631 | D:2      | Reached ** piety under Trog
  1833 | D:2      | Killed Jessica
  1833 | D:2      | Reached XP level 4. HP: 23/23 MP: 5/5
  1891 | D:2      | Killed Robin
  1891 | D:2      | Reached skill level 5 in Dodging
  2150 | D:2      | Found an iron altar of Okawaru.
  2714 | D:3      | Reached XP level 5. HP: 16/28 MP: 6/6
  2729 | D:3      | Killed from afar by an orc priest

Levels and vault maps discovered:
D:1:      dpeg_arrival_fog, layout_loops_ring
D:2:      layout_rooms, chequers_ecumenical_altar_grove,
          minmay_misc_feat_ornament, okawaru_altar_gauntlet_db, uniq_jessica,
          uniq_robin
D:3:      layout_basic, nicolae_overflow_hidden_temple, first_ration

Skill      XL: |  1  2  3  4 |
---------------+-------------+-----
Stealth        | 1 2 3 4 |  4.5
Short Blades   | 4 |  4.5
Dodging        | 5 |  5.2
Fighting       | 3 |  3.0

Action                   |  1- 3 |  4- 6 || total
-------------------------+-------+-------++-------
Melee: Short sword       |   135 |       ||   135
       Dagger            |       |   108 ||   108
  Use: Potion            |     2 |       ||     2
 Stab: Sleeping          |     6 |     5 ||    11
Armor: Animal skin       |     9 |     4 ||    13
Dodge: Dodged            |   149 |    63 ||   212

Table legend:
 A = Non-vault XP
 B = Vault XP
 C = Vault XP percentage of total XP
 D = Non-vault monster count
 E = Vault monster count
 F = Vault count percentage of total count
                 A         B        C        D         E       F
            +---------+---------+-------+---------+---------+-------
      Total |     140 |      83 |  37.2 |      45 |      17 |  27.4
            +---------+---------+-------+---------+---------+-------
        D:1 |      53 |       0 |   0.0 |      26 |       0 |   0.0
        D:2 |      11 |      83 |  88.3 |       7 |      17 |  70.8
        D:3 |      76 |       0 |   0.0 |      12 |       0 |   0.0
            +---------+---------+-------+---------+---------+-------
